 Dungeon Crawl Stone Soup version 0.30.0-20-g3b4254fcbd (webtiles) character file.

Game seed: 16541437292693146792

17 jagang the Digger (level 2, -5/17 HPs)
             Began as an Octopode Earth Elementalist on June 2, 2023.
             Slain by a gnoll
             ... wielding a +0 flail
              (8 damage)
             ... on level 1 of the Dungeon.
             The game lasted 00:01:21 (428 turns).

jagang the Digger (Octopode Earth Elementalist)      Turns: 428, Time: 00:01:22

Health: -5/17      AC:  1    Str:  7    XL:     2   Next: 62%
Magic:  2/5        EV: 13    Int: 17    God:
Gold:   41         SH:  0    Dex: 12    Spells: 4/5 levels left

rFire   . . .        (no weapon)
rCold   . . .        (no shield)
rNeg    . . .        (helmet restricted)
rPois   .            (no amulet)
rElec   .            (no ring)
rCorr   .            (no ring)
SInv    .            (no ring)
Will    .....        (no ring)
Stlth   +++          (no ring)
HPRegen 0.22/turn    (no ring)
MPRegen 0.09/turn    (no ring)
                     (no ring)

%: no passive effects
@: no status effects
A: almost no armour, amphibious, 8 rings, camouflage 1, gelatinous body 1,
(nimble swimmer 1), tentacles
a: no special abilities


You were on level 1 of the Dungeon.
You visited 1 branch of the dungeon, and saw 1 of its levels.

You collected 41 gold pieces.

Inventory:

Scrolls
 b - a scroll of vulnerability {unknown}
 c - a scroll of identify {unknown}
Potions
 a - a potion of magic


   Skills:
 + Level 0.2 Fighting
 + Level 2.1 Dodging
 - Level 3.0 Stealth
 + Level 0.3 Unarmed Combat
 + Level 2.2 Spellcasting
 + Level 1.3 Transmutations
 + Level 3.1 Earth Magic


You had 4 spell levels left.
You knew the following spells:

 Your Spells              Type           Power      Damage    Failure   Level
a - Sandblast             Erth           24%        2d8       5%          1

Your spell library contained the following spells:

 Spells                   Type           Power      Damage    Failure   Level
 Passwall                 Tmut/Erth      7%         N/A       12%         2
 Stone Arrow              Conj/Erth      14%        3d7       30%         3
 Petrify                  Tmut/Erth      9%         N/A       58%         4


Dungeon Overview and Level Annotations

Branches:
Dungeon (1/15)

Altars:


Innate Abilities, Weirdness & Mutations

You cannot wear most types of armour.
You are amphibious.
You can wear up to eight rings at the same time.
Your skin changes colour to match your surroundings (Stealth+).
Your rubbery body absorbs attacks. (AC +1, EV +1)
((You are camouflaged when in or above water. (Stealth+)))
You have tentacles for arms and can constrict up to eight enemies at once.


Message History

A rat comes into view.
You see here a ball python corpse.
A rat is nearby!
You can't see any susceptible monsters within range! (Use Z to cast anyway.)
Found a leather armour.
The blast of sand hits the rat!
You kill the rat!
A bat comes into view.
The blast of sand hits the bat but does no damage.
The bat closely misses you. The bat barely misses you.
The blast of sand hits the bat!
You kill the bat!
Found 3 stones.
A goblin comes into view. It is wielding a +0 dagger.
The blast of sand hits the goblin!
You kill the goblin!
You see here a +0 dagger.
Found an escape hatch in the floor.
No target in view!
A gnoll comes into view. It is wielding a +0 flail.
The gnoll shouts!
The blast of sand hits the gnoll!
The gnoll is heavily wounded.
The blast of sand hits the gnoll.
The gnoll is severely wounded.
The gnoll hits you with a +0 flail!
Ouch! That really hurt!
* * * LOW HITPOINT WARNING * * *
You are too injured to fight recklessly!
Unknown command.
You are too injured to fight recklessly!
Casting: Sandblast (safe; 5% risk of failure)
Confirm with . or Enter, or press ? or * to list all spells.
Aiming: Sandblast (safe; 5% risk of failure)
Press: ? - help, Shift-Dir - straight line, f/p - gnoll
Aim: a gnoll, wielding a +0 flail (severely wounded, 84% to hit)
The blast of sand hits the gnoll.
The gnoll is severely wounded.
The gnoll hits you with a +0 flail!
You die... ..
P.P

#.# #.### #.####.###..#
#.# #...# #†####.###..#
#.######.###.##.........
#.. . .....#.##.#.#####.
#.. #.#..#.#......# #..
#.#..#.#......# ##.
#....#.##.....# #.
#.#g##.##..[..# ##.
#.##.#@##.##.....# ##(.
#.........######## #.##
####.......# #.#
#.......# #.## #.......#
#...
#.......#########.##
#...>...#...).....#
#.......#.#########
#.......#.#


You could see a gnoll.

Vanquished Creatures
  A dart slug (D:1)
  A ball python (D:1)
  A bat (D:1)
  2 endoplasms (D:1)
  A giant cockroach (D:1)
  3 goblins (D:1)
  2 quokkas (D:1)
  A rat (D:1)
12 creatures vanquished.

Notes
Turn   | Place    | Note
-------+----------+-------------------------------------------
     0 | D:1      | jagang the Octopode Earth Elementalist began the quest for
                  | the Orb.
     0 | D:1      | Reached XP level 1. HP: 11/11 MP: 3/3
   104 | D:1      | Reached XP level 2. HP: 10/17 MP: 0/5
   428 | D:1      | Slain by a gnoll

Illustrated notes

Levels and vault maps discovered:
D:1:      nicolae_arrival_washed_ashore, layout_loops_cross,
          shapermc_ecumenical_altar_mp_urbaneastern

Skill      XL: |  1  2 |
---------------+-------+-----
Stealth        | 3 |  3.0
Fighting       | |  0.2
Dodging        | |  2.1
Unarmed Combat | |  0.3
Spellcasting   | |  2.2
Transmutations | |  1.3
Earth Magic    | |  3.1

Action                     || total
---------------------------++-------
  Melee: Unarmed           ||     3
         Tentacles         ||     2
         Constrict         ||     1
   Cast: Sandblast         ||    16
   Stab: Sleeping          ||     1
  Dodge: Dodged            ||     3
